Unix NetHack Version 5.0.0-0 post-release - last build May  3 2026 23:40:34 (9823c992c0763bbd039eca2974112f46eaf799b3,branch:main).

Game began 2026-05-04 12:16:01, ended 2026-05-04 12:33:53.

31245981910, lawful male human Knight

               --------------#           ----------------
               |.{..........|#           |.......^^..^.%|        -----------
 -----         |..........:.|#           |.^.^^.^.^.....-########..........|
 |!!.|         |............|#          #........^^.^...|#       |.........|
 |!!.|         |............-########   #----------------#       |.........|
 |!!.-#        ----------.---#      ######################       |.........|
 -----#                  #   #          ##               #       |...<.....|
      #                  # ###           #               #       ----.------
      #              ##### #######       ##              ##          #
      ##           )##     #-----##       #               ##         #
       #      ######       #|...| #       ##               #         #
       # -----.----        #|.`.| #        #               #        ##
       ##.........-#########....| #        #               #   -----|---------
         |........|        #|>...#####     #               ### |.............|
         |........|        #|.{.| ## #-----#                 # |.............|
         |........|        #|...|  ###....|#                 ##-.............|
         |..@Z.....#########-----     |....#                   |.............|
         |........|                   |..>|                    |.............|
         ----------                   -----                    ---------------

31245981910 the Esquire  St:11 Dx:8 Co:11 In:8 Wi:14 Ch:18  Lawful
Dlvl:2  $:34 HP:0(33) Pw:18(18) AC:4  Xp:4 T:2843  Fainted  Burdened Deaf

Latest messages:
 "Salutations, 31245981910!  Welcome again to Flims' liquor emporium!"
 What do you want to eat? [hjnCD or ?*] h
 This carrot is delicious!
 What do you want to eat? [hjnCD or ?*] h
 This carrot is delicious!
 The gecko misses!
 You hit the gecko!
 Your hands stop glowing red.
 The gecko appears confused.
 You kill the gecko!
 You have a little trouble lifting m - a clear potion (2 in total).
 There is a gecko corpse here; eat it? [ynq] (n) y
 This gecko corpse tastes terrible!
 You finish eating the gecko corpse.
 You hit the orc zombie!
 The orc zombie hits!
 You hit the orc zombie.
 The orc zombie misses!
 You destroy the orc zombie!
 You hit the orc zombie.
 The orc zombie hits!
 You hit the orc zombie!
 You destroy the orc zombie!
 You hit the kobold zombie.
 The kobold zombie hits!
 You destroy the kobold zombie!
 You are beginning to feel hungry.
 You are beginning to feel weak.
 You faint from lack of food.
 The dwarf zombie hits!
 The dwarf zombie hits!
 The dwarf zombie hits!
 The dwarf zombie hits!
 You regain consciousness.
 You hit the dwarf zombie!
 The dwarf zombie misses!
 You miss the dwarf zombie.
 The dwarf zombie hits!
 You faint from lack of food.
 The dwarf zombie hits!
 The dwarf zombie just misses!
 The dwarf zombie hits!
 The dwarf zombie hits!
 The dwarf zombie hits!
 You die...
 Do you want your possessions identified? [ynq] (y) y
 Do you want to see your attributes? [ynq] (y) y
 Do you want an account of creatures vanquished? [ynaq] (y) y
 Do you want to see your conduct and achievements? [ynq] (y) y
 Do you want to see the dungeon overview? [ynq] (y) y

Inventory:
 Coins    ('$')
  $ - 34 gold pieces
 Weapons  (')')
  B - 10 +0 darts
  a - a +1 long sword (weapon in right hand)
 Armor    ('[')
  d - an uncursed +0 helmet (being worn)
  e - an uncursed +0 small shield (being worn)
  c - an uncursed +1 ring mail (being worn)
 Comestibles  ('%')
  C - an uncursed slime mold
  h - 12 uncursed carrots
  j - an uncursed food ration
  D - an uncursed lembas wafer
  n - an uncursed pancake
 Potions  ('!')
  o - an uncursed potion of polymorph
  m - 2 uncursed potions of water
 Tools    ('(')
  i - an uncursed saddle
 Gems/Stones  ('*')
  p - an uncursed garnet stone
  l - an uncursed worthless piece of white glass

31245981910 the Knight's attributes:

Background:
 You were an Esquire, a level 4 male human Knight.
 You were lawful, nominally on a mission for Lugh
 who was opposed by Brigit (neutral) and Manannan Mac Lir (chaotic).
 You were right-handed.
 You were in the Dungeons of Doom, on level 2.
 You entered the dungeon 2843 turns ago.
 There was a full moon in effect when your adventure ended.
 You had 153 experience points, 7 more were needed to attain level 5.

Basics:
 You had 0 out of 33 hit points.
 You had all 18 energy points (spell power).
 Your armor class was 4.
 Your wallet contained 34 zorkmids.
 Autopickup was off.

Final Characteristics:
 Your strength was 11 (base:12, peak:16, limit:18/100).
 Your dexterity was 8 (limit:18).
 Your constitution was 11 (limit:18).
 Your intelligence was 8 (limit:18).
 Your wisdom was 14 (limit:18).
 Your charisma was 18 (limit:18).

Final Status:
 You were deaf.
 You were fainted due to starvation.
 You were burdened; movement was slightly slowed.
 You were wielding a long sword.
 You had basic skill with long sword and could have enhanced that.

Final Attributes:
 You were piously aligned.
 You could jump.
 You were warded.
 You were lucky.
 You are dead.

Miscellaneous:
 You didn't encounter any bones levels.
 Total elapsed playing time was 17 minutes and 50 seconds.

Major events:
 Turn
    1: 31245981910 the lawful male human Knight entered the dungeon
  532: attained the rank of Esquire (level 3)
 2843: killed by a dwarf zombie, while fainted from lack of food

You didn't know any spells.

Skills:
 Fighting Skills
   bare handed combat [Unskilled]
   two weapon combat  [Unskilled]
   riding             [Basic]
 Weapon Skills
   dagger             [Unskilled]
   knife              [Unskilled]
   axe                [Unskilled]
   pick-axe           [Unskilled]
   short sword        [Unskilled]
   broadsword         [Unskilled]
   long sword         [Basic]
   two-handed sword   [Unskilled]
   saber              [Unskilled]
   club               [Unskilled]
   mace               [Unskilled]
   morning star       [Unskilled]
   flail              [Unskilled]
   hammer             [Unskilled]
   polearms           [Unskilled]
   spear              [Unskilled]
   trident            [Unskilled]
   lance              [Basic]
   bow                [Unskilled]
   crossbow           [Unskilled]
 Spellcasting Skills
   attack spells      [Unskilled]
   healing spells     [Unskilled]
   clerical spells    [Unskilled]

Voluntary challenges:
 Character rerolling was not enabled.
 You were an atheist.
 You never genocided any monsters.
 You never polymorphed an object.
 You never changed form.
 You used no wishes.
Achievements:
 You attained the rank of Esquire.
 You entered a shop.

 The Dungeons of Doom: levels 1 to 2
    Level 1:
       Some fountains.
    Level 2: <- You were here.
       A potion shop, some fountains.
       Final resting place for
          you, killed by a dwarf zombie, while fainted from lack of food.


Vanquished creatures:
  a pony
  5 orc zombies
  5 dwarf zombies
 an iguana
 an acid blob
  a coyote
  a gas spore
  a large kobold
  a giant rat
  2 yellow molds
  8 gnome zombies
  5 geckos
  6 jackals
  a kobold
  2 goblins
  5 sewer rats
  5 grid bugs
  3 lichens
  6 kobold zombies
  6 newts
66 creatures vanquished.

No species were genocided or became extinct.

Game over:
                       ----------
                      /          \
                     /    REST    \
                    /      IN      \
                   /     PEACE      \
                  /                  \
                  |   31245981910    |
                  |      34 Au       |
                  |   killed by a    |
                  |   dwarf zombie   |
                  |                  |
                  |                  |
                  |       2026       |
                 *|     *  *  *      | *
        _________)/\\_//(\/(/\)/\//\/|_)_______

Fare thee well 31245981910 the Knight...

You died in The Dungeons of Doom on dungeon level 2 with 703 points,
and 34 pieces of gold, after 2843 moves.
You were level 4 with a maximum of 33 hit points when you died.

